Map: Blueshift LE

Players

Sketchaphone

  • Race: Zerg Zerg
  • League: Gold
  • Spawn Location: 1:00

Murphant - Winner!

  • Race: Zerg Zerg
  • League: Platinum
  • Spawn Location: 7:00

VOD

Have the link to the VOD?

Description

Time

  • Played on: Nov. 10, 2018, 12:16 p.m.
  • Length: 7:54
Show
View Real Time Build Order
Export as new Build Order

Sketchaphone Zerg 

Build Orders: Hatch First 

Get SALT Encoding   

  12  0:02  Drone  
  13  0:13  Overlord  
  13  0:16  Drone  
  14  0:31  Drone x2  
  16  0:40  Drone  
  17  0:56  Hatchery  
  16  1:05  Drone x2  
  18  1:17  Spawning Pool  
  17  1:24  Overlord  
  17  1:27  Drone  
  18  1:41  Drone  
  18  1:45  Extractor  
  18  1:57  Drone x2  
  18  2:01  Overlord  
  20  2:07  Queen  
  20  2:08  Queen  
  22  2:10  Zergling x2  
  25  2:18  Drone  
  25  2:20  Zergling x2  
  27  2:28  Drone  
  28  2:33  Spine Crawler  
  26  2:55  Drone x2  
  26  2:57  Overlord, Drone x3  
  31  3:04  Metabolic Boost  
  31  3:06  Overlord  
  31  3:07  Drone  
  32  3:31  Drone x4  
  32  3:32  Zergling x4, Drone  
  39  3:44  Queen, Drone  
  42  3:53  Drone x3  
  42  3:54  Overlord  
  45  3:56  Drone  
  45  3:57  Evolution Chamber  
  45  3:58  Evolution Chamber  
  45  4:02  Drone x3  
  47  4:09  Drone  
  49  4:10  Drone  
  49  4:29  Hatchery  
  48  4:32  Overlord  
  48  4:33  Drone x2  
  48  4:34  Zergling x2  
  48  4:35  Zergling x4  
  53  4:53  Drone  
  53  4:54  Roach Warren, Zerg Ground Armor Level 1  
  53  5:00  Zerg Melee Weapons Level 1, Drone  
  54  5:12  Zergling x4  
  54  5:13  Drone  
  57  5:20  Lair  
  57  5:21  Drone x3  
  59  5:22  Overlord  
  59  5:34  Extractor  
  58  5:37  Extractor  
  58  5:39  Overlord x2, Spine Crawler  
  58  5:40  Spine Crawler  
  58  5:41  Hatchery  
  54  5:44  Queen  
  54  5:45  Overlord  
  54  5:47  Roach x3  
  62  6:01  Overlord x2  
  62  6:04  Zergling x16  
  70  6:17  Roach x3  
  75  6:28  Extractor  
  75  6:29  Zergling x8  
  77  6:49  Roach x3  
  81  6:58  Roach  
  81  7:00  Roach  
  83  7:07  Overlord x2  
  83  7:08  Overlord x3  
  68  7:24  Roach x4  
  66  7:33  Roach x2  
Show
View Real Time Build Order
Export as new Build Order

Murphant Zerg - Winner!

Build Orders: Pool First 

Get SALT Encoding   

  12  0:01  Drone  
  13  0:12  Overlord  
  13  0:16  Drone  
  14  0:31  Drone x2  
  16  0:41  Spawning Pool  
  15  0:45  Drone  
  15  0:49  Drone  
  17  1:12  Hatchery  
  17  1:18  Drone  
  17  1:21  Overlord  
  17  1:25  Drone  
  18  1:34  Queen  
  18  1:38  Zergling x2  
  21  1:53  Extractor  
  21  1:54  Zergling x2  
  21  1:55  Drone  
  22  2:10  Drone  
  22  2:13  Queen  
  25  2:36  Drone  
  26  2:37  Queen  
  26  2:43  Drone x4  
  30  3:10  Roach Warren  
  29  3:13  Queen  
  29  3:15  Spine Crawler  
  29  3:17  Overlord, Drone  
  29  3:18  Drone x4  
  35  3:31  Overlord  
  35  3:37  Lair  
  35  3:42  Drone  
  35  3:43  Drone x5  
  41  3:50  Overlord  
  41  3:52  Roach  
  41  3:53  Roach  
  45  4:10  Roach  
  45  4:11  Roach x5  
  57  4:23  Roach  
  59  4:26  Extractor  
  58  4:33  Drone, Extractor  
  58  4:34  Drone x2  
  58  4:35  Overlord  
  58  4:36  Overlord x2  
  60  4:45  Overlord  
  60  4:53  Queen  
  62  5:01  Roach  
  62  5:02  Roach  
  62  5:06  Glial Reconstitution  
  66  5:28  Roach x7  
  80  5:32  Roach  
  80  5:33  Roach  
  84  5:37  Roach  
  84  5:39  Drone  
  84  5:40  Drone  
  88  5:50  Roach x2  
  92  6:02  Overlord  
  92  6:05  Burrow  
  92  6:23  Roach x4  
  100  6:25  Pneumatized Carapace  
  100  6:40  Overlord x3  
  100  6:41  Overlord x3  
  100  7:06  Overseer  
  100  7:07  Roach  
  100  7:08  Roach x7  
  116  7:18  Roach  
  114  7:29  Roach  
  110  7:30  Roach  
Tags
 
Matchup
ZvZ
Race
Zerg
Replay Pack
init
Spawn Locations
Cross Positions
Add a new tag
Caveats
  • Supply blocks, unpowered buildings, or Contaminate may cause inaccurate times.
  • Supply counts are checked every 10 seconds.